 Dungeon Crawl Stone Soup version 0.27-a0-604-g29a88b33a7 (webtiles) character file.

Game seed: 13349847965378258096

2 robertstho the Sneak (level 1, -1/20 HPs)
             Began as a Minotaur Delver on Mar 12, 2021.
             Killed from afar by an orc wizard (7 damage)
             ... with a magic dart
             ... on level 5 of the Dungeon.
             The game lasted 00:00:13 (29 turns).

robertstho the Sneak (Minotaur Delver)                Turns: 29, Time: 00:00:13

Health: -1/20      AC:  3    Str: 16    XL:     1   Next: 25%
Magic:  0/0        EV: 11    Int:  7    God:
Gold:   0          SH:  0    Dex: 11    Spells: 0/0 levels left

rFire    . . .     SeeInvis .   a - +0 hand axe
rCold    . . .     Faith    .   (no shield)
rNeg     . . .     Spirit   .   b - +0 leather armour
rPois    .         Reflect  .   (helmet restricted)
rElec    .         Harm     .   (no cloak)
rCorr    .         Rampage  .   (no gloves)
Will     .....                  (no boots)
Stlth    ++........             (no amulet)
HPRegen  0.06/turn              (no ring)
MPRegen  0.07/turn              (no ring)

@: hasted, very quick
A: horns 2, retaliatory headbutt
a: no special abilities


You were on level 5 of the Dungeon.
You visited 1 branch of the dungeon, and saw 1 of its levels.

Inventory:

Hand Weapons
 a - a +0 hand axe (weapon)
Armour
 b - a +0 leather armour (worn)
Wands
 g - a wand of digging (3)
Scrolls
 c - a scroll of fog
 d - a scroll of magic mapping
 e - a scroll of fear


   Skills:
 * Level 3.7 Fighting
 + Level 2.4 Axes
 * Level 0.2 Armour
 + Level 2.2 Dodging
 - Level 4.1 Stealth


You couldn't memorise any spells.
You didn't know any spells.
Your spell library was empty.

Dungeon Overview and Level Annotations

Branches:
Dungeon (5/15)
 Temple: D:4-7

Altars:
Sif Muna
Trog


Innate Abilities, Weirdness & Mutations

You have a pair of horns on your head.
You reflexively headbutt those who attack you in melee.


Message History

Welcome, robertstho the Minotaur Delver.
Will you prevail where others failed? Will you find the Orb of Zot?
Press ? for a list of commands and other information.
Found a stone staircase leading down.
Found a shimmering blue altar of Sif Muna.
You open the door.
An orc comes into view.
Found 17 gold pieces.
Found a bloodstained altar of Trog.
There is an open door here.
Found a crooked fluorescent wand.
The helpless orc fails to defend itself.
You slash the orc!
You kill the orc!
No target in view!
An orc and an orc wizard come into view.
Found 13 stones.
Things that are here:
17 gold pieces; an orc corpse The orc wizard shouts!
The orc shouts!
The orc wizard gestures at you while chanting.
The magic dart hits you!
Ouch! That really hurt!
You are too injured to fight recklessly!
You are too injured to fight recklessly!
You are too injured to fight recklessly!
You feel yourself speed up.
The orc wizard gestures at you while chanting.
The magic dart hits you.
* * * LOW HITPOINT WARNING * * *
You hit the orc wizard. You headbutt the orc wizard.
The orc wizard is severely wounded.
You hit the orc wizard. Your headbutt misses the orc wizard.
The orc wizard is severely wounded.
Your leather armour prevents you from hitting the orc.
The orc wizard casts a spell at you. The magic dart hits you!
You die...

.........#
.........#
...../...#
.........#
.........#
.........#
.....(o..#
......o@.##########
###.####$##.......#
#.##.....####
#..#....##..#
#..'....#..8#
_.....##......_.+
....#.##....#..8#
.....#.##....##..#
....
#.##.....########


You could see an orc wizard and an orc.

Vanquished Creatures
  An orc (D:5)
1 creature vanquished.

Notes
Turn   | Place    | Note
-------+----------+-------------------------------------------
     0 | D:5      | robertstho the Minotaur Delver began the quest for the Orb.
     0 | D:5      | Reached XP level 1. HP: 19/19 MP: 0/0
    11 | D:5      | Found a shimmering blue altar of Sif Muna.
    21 | D:5      | Found a bloodstained altar of Trog.
    25 | D:5      | Noticed an orc wizard
    29 | D:5      | Killed from afar by an orc wizard

Illustrated notes

Levels and vault maps discovered:
D:5:      layout_basic, led_sif_book, old_standard_altar,
          minmay_temple_entry_grid

Action                   || total
-------------------------++-------
Melee: Hand axe          ||     3
       Headbutt          ||     1
  Use: Potion            ||     1
 Stab: Sleeping          ||     1

Table legend: (Time is in decaauts)
 A = Elapsed time spent in this place.
 B = Non-inter-level travel time spent in this place.
 C = Inter-level travel time spent in this place.
 D = Time resting spent in this place.
 E = Time spent auto-exploring this place.
 F = Levels seen in this place.
 G = Mean time per level.
                   A        B        C        D        E       F      G
               +--------+--------+--------+--------+--------+-----+--------+
         Total |     28 |     28 |      0 |      0 |     21 |   1 |   28.0 |
       Dungeon |     28 |     28 |      0 |      0 |     21 |   1 |   28.0 |
               +--------+--------+--------+--------+--------+-----+--------+

Top non-repeatable levels by time:
     D:5: 28 daAuts
